 Dungeon Crawl Stone Soup version 0.24-a0-458-gfcb5e6da0e (webtiles) character file.

Game seed: 9776566967498172518

58 Gargoyl the Skirmisher (level 3, -2/31 HPs)
             Began as a Centaur Abyssal Knight on June 27, 2019.
             Was a Follower of Lugonu.
             Slain by an adder (4 damage)
             ... on level 3 of the Dungeon.
             The game lasted 00:03:43 (1485 turns).

Gargoyl the Skirmisher (Centaur Abyssal Knight)     Turns: 1485, Time: 00:03:43

Health: -2/31      AC:  8    Str: 14    XL:     3   Next: 75%
Magic:  4/4        EV:  0    Int: 11    God:    Lugonu [*.....]
Gold:   132        SH:  6    Dex:  9    Spells: 2/2 levels left

rFire    . . .     SeeInvis .   a - +1 hand axe
rCold    . . .     Gourm    .   g - +0 shield
rNeg     . . .     Faith    .   d - +0 plate armour
rPois    .         Spirit   .   (no helmet)
rElec    .         Reflect  .   (no cloak)
rCorr    .         Harm     .   (no gloves)
MR       .....     Rnd*Tele +   (no barding)
Stlth    ..........             l - amulet of regeneration
HPRegen  0.50/turn              e - ring of teleportation (curse)
MPRegen  0.09/turn              (no ring)

@: lethally poisoned (-2 -> -2), flying, very slightly contaminated, invisible,
very quick
A: large, hooves 3, deformed body, speed 2, tough skin 3
a: Depart the Abyss, Renounce Religion


You were on level 3 of the Dungeon.
You worshipped Lugonu.
Lugonu was aware of your devotion.
You were not hungry.

You visited 1 branch of the dungeon, and saw 3 of its levels.
You visited the Abyss 1 time.

You collected 132 gold pieces.

Inventory:

Hand Weapons
 a - a +1 hand axe (weapon)
Armour
 d - a +0 plate armour (worn)
 g - a +0 shield (worn)
Jewellery
 e - a cursed ring of teleportation (left hand)
 l - an amulet of regeneration (around neck)
Scrolls
 b - 2 scrolls of identify
Comestibles
 c - 5 rations


   Skills:
 + Level 3.5 Fighting
 + Level 2.3 Axes
 * Level 2.0 Armour
 + Level 0.7 Dodging
 * Level 0.2 Shields
 * Level 2.3 Invocations


You had 2 spell levels left.
You didn't know any spells.
Your spell library contained the following spells:

 Spells                   Type           Power        Failure   Level  Hunger
 Confusing Touch          Hex            #.....       100%        1    ##.....
 Confuse                  Hex            #.......     100%        3    ####...
 Gell's Gravitas          Tloc           #.........   100%        3    ####...
 Petrify                  Tmut/Erth      #.......     100%        4    #####..
 Metabolic Englaciation   Hex/Ice        #.........   100%        5    ######.
 Yara's Violent Unravell  Hex/Tmut       #.........   100%        5    ######.


Dungeon Overview and Level Annotations

Branches:
Dungeon (3/15)

Altars:


Innate Abilities, Weirdness & Mutations

You have hooves in place of feet.
Armour fits poorly on your strangely shaped body.
You cover ground very quickly.
You have extremely tough skin. (AC +3)


Message History

You feel sick.
Found 16 sling bullets.
There is a stone staircase leading down here.
You feel sick. The adder bites you.
* * * LOW HITPOINT WARNING * * *
You climb downwards.
An orc comes into view. It is wielding a +0 mace.
The orc shouts!
Found a ration.
There is a stone staircase leading up here.
It was a potion of invisibility.
You fade into invisibility!
You feel sick.
The adder bites you but does no damage. x2
You are very lightly contaminated with residual magic.
It was a potion of flight.
You feel very buoyant.
You fly up into the air.
The adder bites you but does no damage.
It was a potion of magic.
Magic courses through your body.
You feel sick. The adder bites you.
You die...

.. #. ..
####.#
......#
....%..
.......##
.......@#
#####.S....#
#.o.#..#
#...##.#
#...# .#
###.. # #..
##.


You could see an adder and an orc.

Vanquished Creatures
  An adder (D:2)
  2 worms (D:2)
  A dart slug (D:1)
  A leopard gecko (D:1)
  3 bats
  A giant cockroach (D:1)
  5 goblins
  6 hobgoblins
  4 jackals (D:1)
  3 kobolds
  5 frilled lizards
  6 rats (D:1)
38 creatures vanquished.

Notes
Turn   | Place    | Note
-------+----------+-------------------------------------------
     0 | Abyss:1  | Gargoyl the Centaur Abyssal Knight began the quest for the
                  | Orb.
     0 | Abyss:1  | Reached XP level 1. HP: 19/19 MP: 2/2
    50 | Abyss:1  | Noticed a yellow draconian skeleton
    56 | Abyss:1  | Noticed a small abomination
    86 | Abyss:1  | Noticed a large abomination
   123 | Abyss:1  | Noticed a freezing wraith
   166 | Abyss:2  | Noticed a neqoxec
   170 | Abyss:2  | Noticed a quasit
   176 | D:1      | Escaped the Abyss
   210 | D:1      | Reached XP level 2. HP: 13/26 MP: 3/3
   647 | D:1      | Reached * piety under Lugonu
   933 | D:1      | Reached XP level 3. HP: 31/31 MP: 4/4
  1485 | D:3      | Slain by an adder

Levels and vault maps discovered:
D:1:      dpeg_arrival_shrine, layout_loops_ring
D:2:      layout_loops_ring
D:3:      layout_basic, minmay_vboxes, uniq_natasha

Skill      XL: |  1  2  3 |
---------------+----------+-----
Axes           | 2 |  2.3
Armour         | 2 |  2.0
Fighting       | |  3.5
Dodging        | |  0.7
Shields        | |  0.2
Invocations    | |  2.3

Action                   || total
-------------------------++-------
Melee: Hand axe          ||   100
       Kick              ||    18
Invok: Depart the Abyss  ||     1
  Use: Scroll            ||     7
       Potion            ||     4
  Eat: Chunk             ||     1
Armor: Leather armour    ||    30
       Plate armour      ||    30
Dodge: Dodged            ||    25
Block: Shield            ||    32

Table legend:
 A = Non-vault XP
 B = Vault XP
 C = Vault XP percentage of total XP
 D = Non-vault monster count
 E = Vault monster count
 F = Vault count percentage of total count
                 A         B        C        D         E       F
            +---------+---------+-------+---------+---------+-------
      Total |      83 |       0 |   0.0 |      38 |       0 |   0.0
            +---------+---------+-------+---------+---------+-------
        D:1 |      46 |       0 |   0.0 |      26 |       0 |   0.0
        D:2 |      37 |       0 |   0.0 |      12 |       0 |   0.0
            +---------+---------+-------+---------+---------+-------
